 Dungeon Crawl Stone Soup version 0.20.0-15-g7f486f2 (webtiles) character file.

46 polve the Cudgeler (level 3, 0/29 HPs)
             Began as a Demonspawn Berserker on June 30, 2017.
             Was a Believer of Trog.
             Slain by a kobold (1 damage)
             ... on level 2 of the Dungeon.
             The game lasted 00:01:35 (1396 turns).

polve the Cudgeler (Demonspawn Berserker)           Turns: 1396, Time: 00:01:35

Health: 0/29       AC:  2    Str: 18    XL:     3   Next: 46%
Magic:  3/3        EV: 12    Int:  8    God:    Trog [**....]
Gold:   33         SH:  0    Dex: 12    Spells: 2/2 levels left

rFire    . . .     SeeInvis .   a - +0 mace
rCold    . . .     Gourm    +   (no shield)
rNeg     . . .     Faith    .   b - +0 animal skin
rPois    .         Spirit   .   (helmet restricted)
rElec    .         Reflect  .   (no cloak)
rCorr    .         Harm     .   (no gloves)
MR       .....                  (no boots)
Stlth    +.........             l - amulet of the gourmand
Regen    0.1/turn               (no ring)
MPRegen  0.1/turn               (no ring)

@: starving
A: antennae 1, rot immunity
a: Berserk, Trog's Hand, Burn Spellbooks, Renounce Religion


You were on level 2 of the Dungeon.
You worshipped Trog.
Trog was pleased with you.
You were starving.

You visited 1 branch of the dungeon, and saw 2 of its levels.

You collected 33 gold pieces.

Inventory:

Hand Weapons
 a - a +0 mace (weapon)
Armour
 b - a +0 animal skin (worn)
Jewellery
 l - an amulet of the gourmand (around neck)
 o - a +2 ring of dexterity {unknown}
Scrolls
 d - a scroll of identify {unknown}
 e - 2 scrolls of amnesia {unknown}
 g - 2 scrolls of remove curse {unknown}
 h - a scroll of blinking {unknown}
 i - a scroll of enchant armour {unknown}
 j - a scroll of noise {unknown}
Potions
 f - a potion of curing {unknown}
 k - a potion of haste {unknown}
 m - a potion of agility {unknown}
 n - a potion of flight {unknown}
Comestibles
 c - 2 bread rations


   Skills:
 - Level 3.0 Fighting
 + Level 4.1 Maces & Flails
 - Level 1.7 Armour
 - Level 1.7 Dodging


You had 2 spell levels left.
You didn't know any spells.

Dungeon Overview and Level Annotations

Branches:
Dungeon (2/15)

Altars:


Innate Abilities, Weirdness & Mutations

You have a pair of small antennae on your head.
You are immune to rotting.


Message History

You kill the rat!
Trog accepts your kill.
Things that are here:
a dagger; a kobold corpse You butcher the kobold corpse.
Found a robe.
Found a meat ration.
A kobold comes into view.
The kobold hits you.
* * * LOW HITPOINT WARNING * * *
Found a scroll labeled ECWIUPUBAF.
You closely miss the kobold. The kobold hits you.
* * * LOW HITPOINT WARNING * * *
You closely miss the kobold. The kobold closely misses you.
You hit the kobold but do no damage. The kobold hits you.
* * * LOW HITPOINT WARNING * * *
You closely miss the kobold. The kobold hits you.
* * * LOW HITPOINT WARNING * * *
You miss the kobold. The kobold hits you.
You die...

###### ####§§.8####
#..§P§§§§..#
#.?§§8§§§..#
#...§K@8§..#####
#......§........ ...
#...........####.....
#...................
###.........#####.###[.
#.........##.........
#...................
#..............P§..§.
#..............PP.P..


You could see a kobold.

Vanquished Creatures
  An ooze (D:2)
  4 adder skeletons (D:2)
  2 ball pythons
  A giant cockroach (D:1)
  6 goblins
  2 hobgoblins
  3 jackals (D:1)
  2 bats
  A frilled lizard (D:1)
  A giant cockroach zombie (D:2)
  4 kobolds
  4 rats
31 creatures vanquished.

Notes
Turn   | Place    | Note
-------+----------+-------------------------------------------
     0 | D:1      | polve the Demonspawn Berserker began the quest for the Orb.
     0 | D:1      | Reached XP level 1. HP: 18/18 MP: 1/1
   188 | D:1      | Reached skill level 3 in Maces & Flails
   561 | D:1      | Gained mutation: You are immune to rotting. [demonic ancestry]
   561 | D:1      | Reached XP level 2. HP: 23/24 MP: 2/2
  1089 | D:2      | Gained mutation: You have a pair of small antennae on your head. [demonic ancestry]
  1089 | D:2      | Reached XP level 3. HP: 24/29 MP: 3/3
  1289 | D:2      | Reached skill level 4 in Maces & Flails
  1362 | D:2      | Reached ** piety under Trog
  1395 | D:2      | HP: 1/29 [kobold (4)]
  1396 | D:2      | Slain by a kobold

Skill      XL: |  1  2  3 |
---------------+----------+-----
Maces & Flails | 3 4 |  4.1
Fighting       | |  3.0
Armour         | |  1.7
Dodging        | |  1.7

Action                   || total
-------------------------++-------
Melee: Mace              ||   101
Invok: Berserk           ||     1
Armor: Animal skin       ||    18
Dodge: Dodged            ||    65
